 Dungeon Crawl Stone Soup version bcrawl-1.19.1 (webtiles) character file.

Game seed: 12143154167570348054

1325 Blightor the Covered (level 8, -11/66 HPs)
             Began as a Ghoul Archaeologist on Jan 5, 2020.
             Was a Believer of Okawaru.
             Mangled by an orc warrior
             ... wielding a cursed -3 halberd
              (13 damage)
             ... on level 6 of the Dungeon.
             The game lasted 00:31:23 (6564 turns).

Blightor the Covered (Ghoul Archaeologist)          Turns: 6564, Time: 00:31:23

Health: -11/66     AC: 16    Str: 16    XL:     8   Next: 60%
Magic:  5/7        EV: 15    Int:  9    God:    Okawaru [**....]
Gold:   123        SH:  0    Dex: 12    Spells: 7/7 levels left

rFire    . . .     SeeInvis .   D - +5 hand axe (freeze)
rCold    + . .     Gourm    .   (no shield)
rNeg     + + +     Faith    .   a - +3 ring mail
rPois    ∞         Spirit   .   c - +1 hat
rElec    .         Reflect  .   v - +1 cloak
rCorr    .         Harm     .   (no gloves)
MR       .....                  d - +1 pair of boots
Stlth    +++++.....             (no amulet)
HPRegen  0.00/turn              g - +4 ring of dexterity
MPRegen  0.10/turn              E - ring of stealth

@: heroism, rotting, studying Armour
A: rotting body, claws 1, carnivore, cold resistance 1, negative energy
resistance 3, inhibited regeneration, torment resistance, unbreathing
a: Heroism, Renounce Religion


You were on level 6 of the Dungeon.
You worshipped Okawaru.
Okawaru was pleased with you.
You were not hungry.

You visited 1 branch of the dungeon, and saw 6 of its levels.

You collected 544 gold pieces.
You spent 421 gold pieces at shops.

Inventory:

Hand Weapons
 m - a +0 hunting sling
 n - a +0 fustibalus
 o - a +0 dagger of chaos
 y - a +2 flail of protection
 D - a +5 hand axe of freezing (weapon)
Missiles
 k - 67 needles of confusion
 u - 28 tomahawks of dispersal (quivered)
Armour
 a - a +3 ring mail (worn)
 b - a +1 robe
 c - a +1 hat (worn)
 d - a +1 pair of boots (worn)
 v - a +1 cloak (worn)
Jewellery
 g - a +4 ring of dexterity (left claw)
 E - a ring of stealth (right claw)
Wands
 i - a wand of flame (11)
 p - a wand of polymorph (14)
 z - a wand of digging (9)
Scrolls
 h - a scroll of blinking
 s - a scroll of teleportation
 t - 2 scrolls of identify
 w - a scroll of magic mapping
 x - a scroll of remove curse
Potions
 l - 2 potions of lignification {unknown}
 q - a potion of berserk rage
 r - a potion of haste {unknown}
 A - 2 potions of might {unknown}
 C - a potion of flight {unknown}
Books
 e - a manual of Armour
Miscellaneous
 f - an ancient crate
Comestibles
 j - 12 rations {!d}


   Skills:
 + Level 4.1(9.1) Fighting
 + Level 4.5(9.6) Axes
 + Level 1.4(8.2) Maces & Flails
 - Level 0.1(6.1) Slings
 + Level 1.9(7.0) Throwing
 + Level 5.4(10.4) Armour
 + Level 3.9(8.9) Dodging
 + Level 4.1(9.1) Stealth
 + Level 4.9(9.9) Unarmed Combat
 + Level 0.1 Invocations


You had 7 spell levels left.
You didn't know any spells.
Your spell library was empty.

Dungeon Overview and Level Annotations

Branches:
Dungeon (6/12)
 Temple: D:4-7

Altars:
Nemelex Xobeh
Okawaru
Qazlal
Ru

Shops:
D:4 ?(%?


Innate Abilities, Weirdness & Mutations

Your body is rotting away.
You thrive on raw meat.
You are immune to poison.
You have sharp fingernails.
You are carnivorous and can eat meat at any time.
Your flesh is cold resistant. (rC+)
You are immune to negative energy. (rN+++)
You do not regenerate when monsters are visible.
You are immune to unholy pain and torment.
You can survive without breathing.


Message History

The orc wizard is severely wounded.
You hit the orc warrior. You freeze the orc warrior.
The orc wizard hits you but does no damage.
The orc warrior hits you with a cursed -3 halberd.
* * * LOW HITPOINT WARNING * * *
You gain the combat prowess of a mighty hero.
The orc wizard mumbles some strange words.
The orc wizard seems to speed up.
The orc warrior barely misses you.
You slash the orc wizard! You freeze the orc wizard.
You kill the orc wizard!
Okawaru accepts your kill.
You hit the orc warrior. You freeze the orc warrior.
The orc warrior barely misses you.
You hit the orc warrior. You freeze the orc warrior.
The orc warrior is almost dead.
The orc warrior barely misses you.
You closely miss the orc warrior.
The orc warrior is almost dead.
The orc warrior hits you with a cursed -3 halberd!
You die...

#....# ##+.....
#....###### ........
#.......... ........
#.......... ......
#.......... #.....
#.......... ..#'#
#..........
#)#.######.......)
#.####@#.#...##.....)).
#.....o†.'....'......÷#
#......#.#.[.##.......#
#........#...##.......#
#.....#..######.#+#...#
#.?...+.># #.# #####
##....#### #.# #####
#.# .#


You could see an orc warrior.

Vanquished Creatures
  Edmund (D:5)
  A sky beast (D:5)
  An ogre (D:5)
  A centaur (D:5)
  A phantom (D:5)
  A necrophage (D:6)
  A bullfrog (D:6)
  A gnoll sergeant (D:5)
  A scorpion (D:5)
  3 crimson imps
  A hound (D:3)
  A bullfrog skeleton (D:5)
  An orc wizard (D:6)
  Ijyb (D:5)
  6 worker ants
  9 gnolls
  5 adders
  A shadow imp (D:4)
  3 oozes
  2 worms
  2 dart slugs
  7 leopard geckos
  10 orcs
  9 bats
  3 giant cockroaches
  4 goblins
  10 hobgoblins
  3 jackals (D:1)
  13 kobolds
  A quokka (D:2)
  A ball python (D:2)
  2 frilled lizards
  5 rats
  2 bushes (D:3)
114 creatures vanquished.

Vanquished Creatures (others)
  A plant (D:3)
1 creature vanquished.

Grand Total: 115 creatures vanquished

Notes
Turn   | Place    | Note
-------+----------+-------------------------------------------
     0 | D:1      | Blightor the Ghoul Archaeologist began the quest for the
                  | Orb.
     0 | D:1      | Reached XP level 1. HP: 16/16 MP: 0/0
   231 | D:1      | Reached skill level 1 in Maces & Flails
   302 | D:1      | Reached XP level 2. HP: 21/23 MP: 1/1
   854 | D:1      | Reached XP level 3. HP: 24/27 MP: 2/2
  1247 | D:2      | HP: 1/27 [leopard gecko (5)]
  1544 | D:2      | Reached skill level 1 in Unarmed Combat
  1622 | D:2      | Found a sparkling altar of Nemelex Xobeh.
  2038 | D:2      | Found an iron altar of Okawaru.
  2067 | D:2      | Became a worshipper of Warmaster Okawaru
  2305 | D:2      | Reached XP level 4. HP: 35/35 MP: 3/3
  2711 | D:3      | Reached skill level 1 in Throwing
  2711 | D:3      | Reached skill level 1 in Armour
  2934 | D:3      | Reached XP level 5. HP: 27/40 MP: 4/4
  4009 | D:3      | Reached skill level 2 in Armour
  4082 | D:4      | Found Zoawar's Food Shop.
  4214 | D:4      | Found Iriyny's Weapon Shop.
  4275 | D:4      | Found Barph's Magic Scroll Boutique.
  5031 | D:4      | Reached XP level 6. HP: 45/46 MP: 5/5
  5040 | D:4      | Found Oletz's Magic Scroll Shop.
  5416 | D:4      | Bought a +5 hand axe of freezing for 421 gold pieces
  5428 | D:5      | Entered Level 5 of the Dungeon
  5454 | D:5      | Reached * piety under Okawaru
  5454 | D:5      | Reached skill level 3 in Armour
  5483 | D:5      | Found a sacrificial altar of Ru.
  5530 | D:5      | Reached XP level 7. HP: 18/53 MP: 6/6
  5541 | D:5      | HP: 2/53 [gnoll sergeant/cursed -1 spear (2)]
  5695 | D:5      | Reached skill level 1 in Axes
  5772 | D:5      | Noticed Ijyb
  5785 | D:5      | Killed Ijyb
  5785 | D:5      | Reached skill level 4 in Armour
  5800 | D:5      | Reached ** piety under Okawaru
  5829 | D:5      | Reached XP level 8. HP: 51/63 MP: 7/7
  6007 | D:5      | Found a stormy altar of Qazlal.
  6008 | D:5      | Noticed an air elemental
  6010 | D:5      | Noticed a water elemental
  6129 | D:5      | Noticed Edmund
  6144 | D:5      | Killed Edmund
  6429 | D:6      | Reached skill level 5 in Armour
  6559 | D:6      | HP: 2/66 [orc warrior/cursed -3 halberd (6)]
  6564 | D:6      | Mangled by an orc warrior

Skill      XL: |  1  2  3  4  5  6  7  8 |
---------------+-------------------------+-----
Maces & Flails | 1 |  1.4
Dodging        | 3 |  3.9
Stealth        | 4 |  4.1
Unarmed Combat | 1 2 3 4 |  4.9
Throwing       | 1 |  1.9
Armour         | 1 2 3 4 5 |  5.4
Fighting       | 2 3 4 |  4.1
Axes           | 2 4 |  4.5
Slings         | |  0.1
Invocations    | |  0.1

Action                   |  1- 3 |  4- 6 |  7- 9 || total
-------------------------+-------+-------+-------++-------
Melee: Whip              |    64 |       |       ||    64
       Unarmed           |   197 |   684 |       ||   881
       Punch             |       |     2 |     2 ||     4
       Hand axe          |       |    19 |   118 ||   137
 Fire: Hunting sling     |     1 |       |       ||     1
Throw: Stone             |   120 |    21 |       ||   141
       Tomahawk          |       |    35 |       ||    35
Invok: Heroism           |       |       |     2 ||     2
  Use: Potion            |     5 |       |     3 ||     8
       Scroll            |       |     8 |       ||     8
 Stab: Sleeping          |       |       |     1 ||     1
  Eat: Chunk             |     4 |    22 |    11 ||    37
Armor: Robe              |   102 |       |       ||   102
       Scale mail        |   100 |    62 |       ||   162
       Chain mail        |       |   216 |    18 ||   234
       Ring mail         |       |       |    46 ||    46
Dodge: Dodged            |   212 |   168 |    86 ||   466
